 Dungeon Crawl Stone Soup version 0.26-a0-49-g0e6732e0a6 (webtiles) character file.

Game seed: 12861256556878087010

52897 Gargoyl the Protected (level 14, -17/119 HPs)
             Began as a Centaur Abyssal Knight on June 4, 2020.
             Was a High Priest of Lugonu.
             Demolished by a dire elephant (25 damage)
             ... on level 6 of the Lair of Beasts.
             The game lasted 00:46:03 (36924 turns).

Gargoyl the Protected (Centaur Abyssal Knight)     Turns: 36924, Time: 00:46:04

Health: -17/119    AC: 29    Str: 19    XL:     14   Next: 28%
Magic:  23/23      EV: 18    Int: 11    God:    Lugonu [*****.]
Gold:   600        SH:  0    Dex: 16    Spells: 13/13 levels left

rFire    + . .     SeeInvis .   w - +3 long sword (elec)
rCold    x . .     Gourm    .   (no shield)
rNeg     . . .     Faith    .   i - +0 plate armour
rPois    +         Spirit   .   s - +0 helmet
rElec    .         Reflect  .   (no cloak)
rCorr    .         Harm     .   m - +2 pair of gloves
MR       ++...     Rnd*Tele +   d - +3 centaur barding
Stlth    ..........             R - amulet of the acrobat
HPRegen  0.29/turn              p - ring of protection from magic
MPRegen  0.18/turn              r - ring "Tagoq" {Fire rPois Dex+4}

@: acrobat, studying Unarmed Combat, very quick
A: large, hooves 3, thin metallic scales 1, agile 1, deformed body, speed 2,
teleportitis 1, tough skin 3
a: Depart the Abyss, Bend Space, Banish, Corrupt, Enter the Abyss, Renounce
Religion


You were on level 6 of the Lair of Beasts.
You worshipped Lugonu.
Lugonu was extremely pleased with you.
You were not hungry.

You visited 2 branches of the dungeon, and saw 19 of its levels.
You visited the Abyss 1 time.

You collected 993 gold pieces.
You spent 393 gold pieces at shops.

Inventory:

Hand Weapons
 a - a +3 hand axe
 t - a +2 spear of venom
 w - a +3 long sword of electrocution (weapon)
Missiles
 h - 22 boomerangs (quivered)
 n - 5 javelins
Armour
 d - a +3 centaur barding (worn)
 i - a +0 plate armour (worn)
 m - a +2 pair of gloves (worn)
 s - a +0 helmet (worn)
Jewellery
 p - a ring of protection from magic (left hand)
 r - the ring "Tagoq" (right hand) {Fire rPois Dex+4}
   (You found it on level 6 of the Dungeon)

   [ring of fire]

   It enhances your fire magic.
   It affects your dexterity (+4).
   It protects you from fire.
   It makes you vulnerable to cold.
   It protects you from poison.
 C - an uncursed ring of fire
 Q - a +4 ring of evasion {unknown}
 R - an amulet of the acrobat (around neck)
Wands
 e - a wand of digging (12)
 q - a wand of flame (30)
 u - a wand of paralysis (5)
 A - a wand of clouds (5)
 E - a wand of random effects (16)
 G - a wand of polymorph (20)
 H - a wand of disintegration (12)
Scrolls
 b - 6 scrolls of remove curse
 f - 3 scrolls of teleportation
 v - 2 scrolls of blinking
 B - 3 scrolls of magic mapping
 F - 3 scrolls of enchant armour
 K - a scroll of fear
 P - a scroll of fog
Potions
 g - 5 potions of brilliance
 k - 2 potions of invisibility
 l - 5 potions of heal wounds
 o - 6 potions of curing
 x - a potion of magic
 z - 3 potions of resistance
 I - 3 potions of haste {unknown}
 J - 2 potions of might
 L - 2 potions of ambrosia {unknown}
 M - 2 potions of cancellation {unknown}
 N - a potion of flight {unknown}
 O - a potion of berserk rage
Books
 j - a manual of Unarmed Combat
Comestibles
 c - 24 rations


   Skills:
 + Level 9.7 Fighting
 + Level 9.8 Long Blades
 + Level 7.4 Axes
 + Level 1.9 Throwing
 * Level 12.3 Armour
 + Level 2.0 Dodging
 * Level 12.2 Invocations


You had 13 spell levels left.
You didn't know any spells.
Your spell library contained the following spells:

 Spells                   Type           Power        Failure   Level  Hunger
 Freeze                   Ice            #...         99%         1    ##.....
 Magic Dart               Conj           #...         99%         1    ##.....
 Blink                    Tloc           N/A          100%        2    ###....
 Call Imp                 Summ           #.......     100%        2    ###....
 Slow                     Hex            #.......     100%        2    ###....
 Confusing Touch          Hex            #.......     100%        3    ####...
 Conjure Flame            Conj/Fire      #.......     100%        3    ####...
 Frozen Ramparts          Ice            #.....       100%        3    ####...
 Gell's Gravitas          Tloc           #.........   100%        3    ####...
 Mephitic Cloud           Conj/Pois/Air  #.......     100%        3    ####...
 Ozocubu's Armour         Chrm/Ice       #.......     100%        3    ####...
 Cause Fear               Hex            #.........   100%        4    #####..
 Hailstorm                Conj/Ice       #.......     100%        4    #####..
 Petrify                  Tmut/Erth      #.......     100%        4    #####..
 Summon Ice Beast         Ice/Summ       #.......     100%        4    #####..
 Metabolic Englaciation   Hex/Ice        #.........   100%        5    ######.
 Silence                  Hex/Air        #.........   100%        5    ######.
 Yara's Violent Unravell  Hex/Tmut       #.........   100%        5    ######.
 Discord                  Hex            #.........   100%        8    #######


Dungeon Overview and Level Annotations

Branches:
Dungeon (13/15)            Temple (0/1) D:6            Lair (6/6) D:11
  Swamp (0/4) Lair:3       Spider (0/4) Lair:4        Slime (0/5) Lair:6
    Orc (0/2) D:9
 Vaults: D:13-14

Altars:
Elyvilon
Fedhas
Gozag
Hepliaklqana
Nemelex Xobeh
Trog
Uskayaw
Vehumet

Shops:
D:4 !   D:5 *   D:6 ?   D:8 [(   D:12 *

Annotations:
D:11 exclusion: obsidian statue
Abyss:1 Duvessa


Innate Abilities, Weirdness & Mutations

You have hooves in place of feet.
Armour fits poorly on your strangely shaped body.
You cover ground very quickly.
You have extremely tough skin. (AC +3)
You are partially covered in thin metallic scales. (AC +2)
You are agile. (Dex +2)
You are occasionally teleported next to monsters.


Message History

The dire elephant is heavily wounded.
The dire elephant tramples you!
You hold your ground!
The dire elephant trunk-slaps you but does no damage.
You slash the dire elephant!
The dire elephant is severely wounded.
The dire elephant tramples you!!
* * * LOW HITPOINT WARNING * * *
You hold your ground!
The dire elephant trunk-slaps you but does no damage.
You completely miss the dire elephant.
The dire elephant is severely wounded.
The dire elephant tramples you!
* * * LOW HITPOINT WARNING * * *
You hold your ground!
The dire elephant trunk-slaps you!
* * * LOW HITPOINT WARNING * * *
You hit the dire elephant.
Lightning courses through the dire elephant!
The dire elephant is almost dead.
The dire elephant tramples you!!
You die...

≈≈≈≈≈............................
≈.≈≈≈≈................P.P..#.#...
<≈Y≈≈≈.................#...####..
..≈≈≈≈....#..PP........##...P#...
≈≈≈≈≈≈....##.#...#....###...##P..
≈≈≈≈≈.(....#......##...##......^.
≈≈≈≈.....##.......#...#..........
≈≈...#.............#..###.....#..
.....#..........@###...##....#...
..###..........Y.##≈...#.........
.####.......##..≈≈≈≈..###..###...
..#.##....###.#≈≈≈.....##.P.##...
.........##..#..≈≈≈≈≈..#PPP.#....
..............≈.≈...≈≈.P..P......
.............≈..≈..≈≈............
..###.....#P≈≈≈≈≈..≈≈..####...##.
..####....###≈≈≈≈≈≈≈...# #..P.P.


You could see a dire elephant.

Vanquished Creatures
  Nessos (Lair:5)
  3 dire elephants
  A minotaur (Lair:1)
  Josephine (Lair:6)
  2 two-headed ogres (D:11)
  An anaconda (Lair:6)
  The ghost of nubinia the Destroyer, a journeyman TeCj of Nemelex Xobeh (Lair:1)
  A tengu warrior (D:11)
  5 skeletal warriors
  An ugly thing (D:12)
  2 manticores (D:11)
  A cyclops (D:12)
  The ghost of ahoss the Skirmisher, a novice CeBe of Trog (D:6)
  7 elephants
  3 black mambas
  8 spiny frogs
  7 komodo dragons
  A rime drake (Lair:5)
  An efreet (D:12)
  A queen bee (D:8)
  4 polar bears
  Grinder (D:5)
  A tyrant leech (Lair:3)
  22 blink frogs
  11 hippogriffs
  22 dream sheep
  A spriggan (Lair:4)
  A wyvern (Lair:2)
  A vampire (D:11)
  5 wraiths
  A shadow (D:11)
  14 yaks
  A hungry ghost (D:8)
  2 swamp worms
  An acid dragon (D:11)
  15 water moccasins
  12 porcupines
  2 ice beasts
  3 sky beasts
  An orc warrior (D:9)
  A phantom (D:4)
  4 black bears
  A necrophage (D:6)
  5 ogres
  2 hornet zombies
  4 centaurs
  25 wolves
  12 crocodiles
  19 bullfrogs
  2 big kobolds
  A wyvern skeleton (D:10)
  Dowan (D:6)
  4 scorpions
  22 killer bees
  An electric eel (Lair:1)
  25 wights
  3 howler monkeys
  A centaur zombie (D:11)
  5 crimson imps
  2 jellies
  2 bullfrog zombies
  8 hounds
  A centaur skeleton (D:5)
  12 orc priests
  A quasit (D:9)
  2 iguanas
  4 hell rats
  16 orc wizards
  Natasha (D:2)
  13 worker ants
  A bullfrog simulacrum (D:6)
  A hound zombie (D:11)
  A hound skeleton (D:11)
  A worker ant zombie (D:9)
  4 gnolls
  A howler monkey skeleton (D:11)
  13 adders
  A shadow imp (D:11)
  2 white imps (D:6)
  A howler monkey simulacrum (D:6)
  4 adder skeletons
  4 worms
  2 dart slugs
  2 leopard geckos (D:1)
  46 orcs
  4 giant cockroaches
  5 goblins
  4 hobgoblins
  35 jackals
  20 kobolds
  2 quokkas
  3 bats (D:1)
  4 frilled lizards
  A quokka skeleton (D:4)
  A quokka zombie (D:6)
  8 rats
  A plant (Lair:6)
542 creatures vanquished.

Vanquished Creatures (others)
  A slime creature (D:11)
  4 hydras
  A two-headed ogre (D:8)
  2 ugly things (D:12)
  A cyclops (D:8)
  The ghost of Losanti the Skirmisher, an amateur DrBe of Trog (D:5)
  A killer bee (D:8)
  A jelly (D:12)
  56 fungi
  42 plants
110 creatures vanquished.

Grand Total: 652 creatures vanquished

Notes
Turn   | Place    | Note
-------+----------+-------------------------------------------
     0 | Abyss:1  | Gargoyl the Centaur Abyssal Knight began the quest for the
                  | Orb.
     0 | Abyss:1  | Reached XP level 1. HP: 19/19 MP: 2/2
    37 | Abyss:1  | Noticed a raiju
    97 | Abyss:2  | Noticed a large abomination
   100 | Abyss:2  | Noticed an ancient zyme
   103 | D:1      | Escaped the Abyss
   175 | D:1      | You fall into a shaft and drop 1 floor!
   194 | D:2      | Reached XP level 2. HP: 18/26 MP: 3/3
   469 | D:2      | Found a radiant altar of Vehumet.
   598 | D:2      | Reached * piety under Lugonu
   766 | D:2      | Reached XP level 3. HP: 20/31 MP: 4/4
  1232 | D:2      | Noticed Natasha
  1243 | D:2      | Killed Natasha
  1243 | D:2      | Reached XP level 4. HP: 10/40 MP: 5/5
  2598 | D:2      | Reached ** piety under Lugonu
  2987 | D:3      | Reached XP level 5. HP: 14/46 MP: 7/7
  3994 | D:4      | Reached XP level 6. HP: 52/52 MP: 8/8
  3995 | D:4      | Reached *** piety under Lugonu
  4548 | D:4      | Found Cuetra's Distillery.
  4560 | D:4      | Bought a potion of heal wounds for 60 gold pieces
  4560 | D:4      | Bought a potion of curing for 36 gold pieces
  5394 | D:4      | Reached XP level 7. HP: 47/59 MP: 8/10
  5612 | D:5      | Entered Level 5 of the Dungeon
  5721 | D:5      | Found a runed translucent gate.
  5722 | D:5      | Found a runed translucent gate.
  5722 | D:5      | Found a runed translucent gate.
  5722 | D:5      | Noticed Losanti's ghost (amateur DrBe)
  5743 | D:5      | Banished Losanti's ghost
  5921 | D:5      | Found a blossoming altar of Fedhas.
  6785 | D:5      | Reached XP level 8. HP: 65/67 MP: 11/11
  6865 | D:5      | Found Iwirrep's Lightly-Used Armoury.
  6980 | D:6      | Noticed Grinder
  6996 | D:6      | Reached skill level 5 in Invocations
  7019 | D:5      | Killed Grinder
  7019 | D:5      | Reached skill level 5 in Axes
  7019 | D:5      | Reached skill level 1 in Throwing
  7267 | D:6      | Reached skill level 5 in Armour
  7402 | D:6      | Found a staircase to the Ecumenical Temple.
  7412 | D:5      | HP: 1/67 [poisoned by a gnoll]
  7705 | D:5      | Reached skill level 5 in Fighting
  8340 | D:6      | Found Hakkasu's Magic Scroll Shop.
  8360 | D:6      | Bought a scroll of blinking for 105 gold pieces
  8531 | D:6      | Found a runed translucent gate.
  8531 | D:6      | Found a runed translucent gate.
  8531 | D:6      | Found a runed translucent gate.
  8580 | D:6      | Noticed ahoss's ghost (novice CeBe)
  8621 | D:6      | Killed ahoss's ghost
  8621 | D:6      | Reached XP level 9. HP: 34/74 MP: 13/13
  8641 | D:6      | Reached **** piety under Lugonu
  8921 | D:6      | Got the ring "Tagoq" {Fire}
  8927 | D:6      | Identified the ring "Tagoq" {Fire rPois Dex+4} (You found
                  | it on level 6 of the Dungeon)
  8953 | D:6      | Noticed Dowan
  8954 | D:6      | Noticed Duvessa
  8971 | D:6      | Killed Dowan
  8988 | D:5      | Banished Duvessa
  9767 | D:7      | Reached skill level 1 in Dodging
 10462 | D:7      | Gained mutation: You occasionally shout uncontrollably at
                  | your foes. [potion of mutation]
 10462 | D:7      | Gained mutation: You have a beak for a mouth. [potion of
                  | mutation]
 10463 | D:7      | Lost mutation: You occasionally shout uncontrollably at
                  | your foes. [potion of mutation]
 10463 | D:7      | Lost mutation: You have a beak for a mouth. [potion of
                  | mutation]
 10463 | D:7      | Gained mutation: Your spells are a little easier to cast,
                  | but a little less powerful. [potion of mutation]
 10463 | D:7      | Gained mutation: You are occasionally teleported next to
                  | monsters. [potion of mutation]
 10463 | D:7      | Gained mutation: You are partially covered in molten
                  | scales. (AC +2) [potion of mutation]
 11188 | D:8      | Reached XP level 10. HP: 27/83 MP: 15/15
 11823 | D:8      | Found Jotzohaj's Antique Armour Shop.
 11904 | D:8      | Noticed a two-headed ogre
 11907 | D:8      | Banished a two-headed ogre
 12090 | D:8      | Noticed a cyclops
 12092 | D:8      | Banished a cyclops
 12697 | D:8      | Found Ypidaok's Antique Weapon Boutique.
 12794 | D:8      | HP: 4/84 [poisoned by a killer bee]
 12801 | D:8      | HP: 2/84 [poisoned by a killer bee]
 12807 | D:8      | HP: 2/84 [poisoned by a killer bee]
 12815 | D:8      | HP: 2/84 [poisoned by a killer bee]
 13339 | D:8      | Found a white marble altar of Elyvilon.
 13339 | D:8      | Found a sparkling altar of Nemelex Xobeh.
 13975 | D:8      | Found a hazy altar of Hepliaklqana.
 13977 | D:8      | Found a bloodstained altar of Trog.
 13979 | D:8      | Found a hide-covered altar of Uskayaw.
 14517 | D:9      | Found a staircase to the Orcish Mines.
 14530 | D:9      | Found an opulent altar of Gozag.
 14569 | D:9      | Reached skill level 1 in Long Blades
 15106 | D:10     | Entered Level 10 of the Dungeon
 15706 | D:8      | HP: 4/86 [killer bee (6)]
 16232 | D:10     | Noticed a six-headed hydra
 16233 | D:10     | Banished a six-headed hydra
 16233 | D:10     | Reached XP level 11. HP: 81/92 MP: 17/17
 17256 | D:11     | Noticed a tengu warrior
 17269 | D:11     | Killed a tengu warrior
 18007 | D:11     | Found a staircase to the Lair.
 18102 | D:11     | Noticed a skeletal warrior
 18104 | D:11     | Noticed a skeletal warrior
 18367 | D:12     | Noticed a red ugly thing
 18380 | D:11     | Noticed a two-headed ogre
 18392 | D:11     | Killed a two-headed ogre
 18481 | D:11     | Noticed an obsidian statue
 18859 | D:11     | Reached ***** piety under Lugonu
 18946 | D:11     | Got a brightly glowing war axe
 18986 | D:10     | Identified the cursed +1 war axe of Wonderful Duty {vorpal,
                  | rC+ rN+ MR- Dex+3} (You found it on level 11 of the
                  | Dungeon)
 19120 | D:11     | Noticed a skeletal warrior
 19169 | D:11     | Killed a skeletal warrior
 19174 | D:11     | Noticed a skeletal warrior
 19475 | D:11     | Noticed a skeletal warrior
 19672 | D:11     | Noticed a two-headed ogre
 19684 | D:11     | Reached skill level 5 in Long Blades
 19689 | D:11     | Killed a two-headed ogre
 19943 | D:10     | Killed a skeletal warrior
 20287 | D:11     | Killed a skeletal warrior
 20503 | D:11     | Killed a skeletal warrior
 20503 | D:11     | Reached XP level 12. HP: 88/102 MP: 18/18
 20857 | D:11     | You fall into a shaft and drop 2 floors!
 20882 | D:12     | Reached skill level 10 in Armour
 21380 | D:12     | Found Godiank's Demolitions Depot.
 22351 | D:4      | Bought 2 potions of mutation for 192 gold pieces
 22351 | D:4      | Lost mutation: Your spells are a little easier to cast, but
                  | a little less powerful. [potion of mutation]
 22351 | D:4      | Lost mutation: You are partially covered in molten scales.
                  | (AC +2) [potion of mutation]
 22351 | D:4      | Lost mutation: You are occasionally teleported next to
                  | monsters. [potion of mutation]
 22351 | D:4      | Gained mutation: You are occasionally teleported next to
                  | monsters. [potion of mutation]
 22351 | D:4      | Gained mutation: You possess an exceptional clarity of
                  | mind. [potion of mutation]
 22351 | D:4      | Gained mutation: You are agile. (Dex +2) [potion of
                  | mutation]
 22352 | D:4      | Lost mutation: You possess an exceptional clarity of mind.
                  | [potion of mutation]
 22352 | D:4      | Lost mutation: You are agile. (Dex +2) [potion of mutation]
 22352 | D:4      | Gained mutation: You are agile. (Dex +2) [potion of
                  | mutation]
 22352 | D:4      | Gained mutation: You are partially covered in thin metallic
                  | scales. (AC +2) [potion of mutation]
 22594 | Lair:1   | Entered Level 1 of the Lair of Beasts
 23030 | Lair:1   | Found a runed translucent gate.
 23030 | Lair:1   | Found a runed translucent gate.
 23031 | Lair:1   | Found a runed translucent gate.
 23037 | Lair:1   | Noticed an eight-headed hydra
 23049 | Lair:1   | Banished an eight-headed hydra
 23182 | Lair:1   | Reached skill level 10 in Invocations
 23217 | Lair:1   | Noticed a minotaur
 23223 | Lair:1   | Noticed nubinia's ghost (journeyman TeCj)
 23942 | Lair:1   | Killed a minotaur
 24314 | Lair:1   | Killed nubinia's ghost
 25192 | Lair:2   | Noticed a six-headed hydra
 25193 | Lair:2   | Banished a six-headed hydra
 25588 | Lair:2   | Noticed a seven-headed hydra
 25589 | Lair:2   | Banished a seven-headed hydra
 25884 | Lair:2   | Reached XP level 13. HP: 93/110 MP: 20/20
 29019 | Lair:3   | Found a staircase to the Swamp.
 29314 | Lair:4   | Found a hole to the Spider Nest.
 30439 | Lair:5   | Noticed Nessos
 30873 | Lair:5   | Killed Nessos
 33126 | Lair:6   | Entered Level 6 of the Lair of Beasts
 33605 | Lair:6   | Reached XP level 14. HP: 86/118 MP: 22/22
 33764 | Lair:6   | Found a staircase to the Slime Pits.
 33832 | Lair:6   | Noticed Josephine
 33849 | Lair:6   | Killed Josephine
 36924 | Lair:6   | Demolished by a dire elephant

Illustrated notes

Levels and vault maps discovered:
D:1:      shiori_arrival_maze, layout_loops_ring
D:2:      layout_loops_ring, vehumet_crystals, uniq_natasha
D:3:      cheibrodos_pilgrimage, layout_rooms, first_ration
D:4:      layout_basic, serial_shops,
          nicolae_shop_temple_entry_statues_fountains, portal_sewer_entry_d
D:5:      layout_gridville, ebering_ghost_rock_garden, minmay_shop_damaged,
          fedhas_altar_2
D:6:      layout_cave_pools, minmay_temple_entry_gardened_gates, serial_shops,
          nicolae_shop_statue_plus, gammafunk_ghost_icy, uniq_duvessa,
          uniq_grinder
D:7:      layout_loops_ring
D:8:      layout_loops_ring, chequers_temple_overflow_minitemple, serial_shops,
          nicolae_shop_overgrown_old_shop, nicolae_shop_stone, david_nohive_1,
          small_chamber_with_monster
D:9:      layout_cave_pools, orc_0_dummy, grunt_gozag_statues
D:10:     layout_rooms, minmay_diced_spiral
D:11:     layout_roguey, due_lair_maze_entry_diamond, minmay_protected_statue
D:12:     layout_irregular_city, nicolae_blasting_shop
D:13:     layout_long_grid, ximxim_vaults_locker_room, minmay_fractal_squares_5,
          uniq_erolcha
Lair:1:   layout_chaotic_city, maelrawn_ghost_gauntlet_escape,
          nicolae_quartered_pool_medium
Lair:2:   layout_concentric_octagons, grunt_megastairs_2
Lair:3:   wander_river, layout_loops_ring, minmay_swamp_entry_worms
Lair:4:   layout_loops_ring, spider_nest_entry_web_field
Lair:5:   layout_regular_city, grunt_forest_stairs_clearing,
          lemuel_fruit_fields, uniq_nessos
Lair:6:   due_jungle_book, layout_regular_city, slime_dummy, lookout_lair_type,
          infiniplex_staircase_pool_2, uniq_josephine

Skill      XL: |  1  2  3  4  5  6  7  8  9 10 11 12 13 14 |
---------------+-------------------------------------------+-----
Axes           | 2 3 4 5 7 |  7.4
Armour         | 2 3 4 5 7 8 9 10 11 12 | 12.3
Fighting       | 4 5 6 7 8 9 |  9.7
Invocations    | 3 4 5 6 8 9 10 11 12 | 12.2
Throwing       | 1 |  1.9
Dodging        | 1 2 |  2.0
Long Blades    | 2 5 7 9 |  9.8

Action                   |  1- 3 |  4- 6 |  7- 9 | 10-12 | 13-15 || total
-------------------------+-------+-------+-------+-------+-------++-------
Melee: Hand axe          |    60 |   255 |   464 |    60 |       ||   839
       Kick              |     9 |    43 |   128 |   299 |   291 ||   770
       Long sword        |       |       |       |   873 |   700 ||  1573
Throw: Boomerang         |       |       |    11 |    15 |     1 ||    27
Invok: Depart the Abyss  |     1 |       |       |       |       ||     1
       Banish            |       |       |     3 |    17 |     1 ||    21
       Bend Space        |       |       |     2 |       |     1 ||     3
Evoke: Wand              |       |       |       |       |     1 ||     1
  Use: Potion            |     1 |       |     7 |     4 |       ||    12
       Scroll            |       |     5 |    10 |    15 |     3 ||    33
 Stab: Invisible         |       |       |     3 |       |       ||     3
  Eat: Chunk             |       |     9 |    17 |    32 |    27 ||    85
       Ration            |       |     1 |       |     8 |     2 ||    11
Armor: Leather armour    |     9 |       |       |       |       ||     9
       Plate armour      |    25 |   302 |   547 |  1232 |   962 ||  3068
Dodge: Dodged            |     9 |    10 |    34 |   151 |   145 ||   349
       Rpst.: Long sword |       |       |       |    38 |    36 ||    74

Table legend:
 A = Non-vault XP
 B = Vault XP
 C = Vault XP percentage of total XP
 D = Non-vault monster count
 E = Vault monster count
 F = Vault count percentage of total count
                 A         B        C        D         E       F
            +---------+---------+-------+---------+---------+-------
      Total |   61688 |   13880 |  18.4 |     477 |      77 |  13.9
            +---------+---------+-------+---------+---------+-------
        D:1 |      37 |       2 |   5.1 |      19 |       2 |   9.5
        D:2 |     106 |      33 |  23.7 |      23 |       1 |   4.2
        D:3 |     141 |      56 |  28.4 |      25 |       6 |  19.4
        D:4 |     436 |      13 |   2.9 |      26 |       1 |   3.7
        D:5 |     680 |     567 |  45.5 |      15 |       3 |  16.7
        D:6 |    1155 |     629 |  35.3 |      32 |       7 |  17.9
        D:7 |    1375 |      66 |   4.6 |      23 |       1 |   4.2
        D:8 |    2625 |    1314 |  33.4 |      37 |      14 |  27.5
        D:9 |     639 |       0 |   0.0 |      12 |       0 |   0.0
       D:10 |    2759 |     352 |  11.3 |      43 |       4 |   8.5
       D:11 |    9792 |    1123 |  10.3 |      38 |      10 |  20.8
       D:12 |    3100 |       0 |   0.0 |      29 |       0 |   0.0
     Lair:1 |    4851 |    3551 |  42.3 |      18 |      10 |  35.7
     Lair:2 |    4151 |     286 |   6.4 |      21 |       2 |   8.7
     Lair:3 |    7317 |     436 |   5.6 |      41 |       2 |   4.7
     Lair:4 |    4432 |     889 |  16.7 |      16 |       5 |  23.8
     Lair:5 |    9492 |    2140 |  18.4 |      29 |       5 |  14.7
     Lair:6 |    8600 |    2423 |  22.0 |      30 |       4 |  11.8
            +---------+---------+-------+---------+---------+-------
